3A
COLUMBIA RIVER RATS @ WALLA WALLA WALLEYE
09/02/2042
 
TOP OF THE 1ST
Columbia River Rats batting - Pitching for Walla Walla Walleye : RHP Marx Lieftink
Pitching: RHP Marx Lieftink
Batting: RHB Jesús Bonilla 0-0: Ball
1-0: Ball
2-0: Fly out, F9 (Line Drive, 9D, EV 91.9 MPH)
Batting: RHB Fernando Castro 0-0: Ball
1-0: Foul Ball, location: 2F
1-1: Ground out 6-3 (Groundball, 6, EV 87.5 MPH)
Batting: LHB Amani Marwan 0-0: Ball
1-0: Ball
2-0: Foul Ball, location: 2F
2-1: SOLO HOME RUN (Flyball, 7LD, EV 103.8 MPH), Distance : 344 ft
Batting: RHB Gregor Lennox 0-0: Swinging Strike
0-1: Called Strike
0-2: Foul Ball, location: 2F
0-2: Strikes out swinging
Top of the 1st over - 1 run, 1 hit, 0 errors, 0 left on base; Columbia 1 - Walla Walla 0
BOTTOM OF THE 1ST
Walla Walla Walleye batting - Pitching for Columbia River Rats : LHP Gil Farrell
Pitching: LHP Gil Farrell
Batting: RHB Nando van der Goor 0-0: Called Strike
0-1: Ball
1-1: Ball
2-1: Foul Ball, location: 2F
2-2: Ball
3-2: Base on Balls
Batting: SHB Víctor Pagueros 0-0: Swinging Strike
0-1: Ball
1-1: Called Strike
1-2: Grounds into double play, 4-6-3 (Groundball, 4, EV 84.4 MPH)
Batting: RHB Roy Berriman 0-0: Swinging Strike
0-1: Foul Ball, location: 2F
0-2: Foul Ball, location: 2F
0-2: Ball
1-2: Ball
2-2: Ground out 5-3 (Groundball, 56S, EV 83.1 MPH)
Bottom of the 1st over - 0 runs, 0 hits, 0 errors, 0 left on base; Columbia 1 - Walla Walla 0
TOP OF THE 2ND
Columbia River Rats batting - Pitching for Walla Walla Walleye : RHP Marx Lieftink
Batting: LHB Puck Broekhuizen 0-0: Ball
1-0: Ball
2-0: Ball
3-0: Called Strike
3-1: Base on Balls
Batting: RHB Michael Lindsey 0-0: Ball
1-0: Ball
2-0: Swinging Strike
2-1: Swinging Strike
2-2: SINGLE (Groundball, 6D, EV 99.4 MPH)
Puck Broekhuizen to second
Batting: RHB Robbie Clark 0-0: Called Strike
0-1: Fielders Choice at 2nd, 6-4 (Groundball, 6M, EV 85.6 MPH)
Puck Broekhuizen to third
Batting: SHB George McMahon 0-0: Called Strike
Robbie Clark steals 2nd base
0-1: Ball
1-1: Swinging Strike
1-2: Strikes out swinging
Batting: RHB Reynaldo García 0-0: Called Strike
0-1: Ball
1-1: Ground out 5-3 (Groundball, 56S, EV 73.8 MPH)
Top of the 2nd over - 0 runs, 1 hit, 0 errors, 2 left on base; Columbia 1 - Walla Walla 0
BOTTOM OF THE 2ND
Walla Walla Walleye batting - Pitching for Columbia River Rats : LHP Gil Farrell
Batting: LHB Van Durr 0-0: Called Strike
0-1: Ball
1-1: Called Strike
1-2: Foul Ball, location: 2F
1-2: SINGLE (Flyball, 9S, EV 85.0 MPH)
Batting: RHB Bret Taylor 0-0: Ball
1-0: SINGLE (Groundball, 15S, EV 70.6 MPH) (infield hit)
Van Durr to second
Batting: RHB Rodrigo Sánchez 0-0: SINGLE (Line Drive, 78M, EV 97.5 MPH)
Van Durr to third
Bret Taylor to second
Batting: RHB Jorge Pedroso 0-0: Ball
1-0: Grounds into double play, 6-4-3 (Groundball, 6, EV 102.5 MPH)
Van Durr scores
Bret Taylor to third
Batting: LHB Armando Martínez 0-0: DOUBLE (Groundball, 3L, EV 105.6 MPH)
Bret Taylor scores
Batting: RHB Sonny Day 0-0: Called Strike
0-1: Ball
1-1: Called Strike
1-2: Strikes out swinging
Bottom of the 2nd over - 2 runs, 4 hits, 0 errors, 1 left on base; Columbia 1 - Walla Walla 2
TOP OF THE 3RD
Columbia River Rats batting - Pitching for Walla Walla Walleye : RHP Marx Lieftink
Batting: RHB Jesús Bonilla 0-0: Ball
1-0: DOUBLE (Line Drive, 78D, EV 106.9 MPH)
Batting: RHB Fernando Castro 0-0: Ball
1-0: Fly out, F8 (Line Drive, 8LM, EV 98.8 MPH)
Batting: LHB Amani Marwan 0-0: Swinging Strike
0-1: Ball
1-1: Ball
2-1: Ball
3-1: Base on Balls
Batting: RHB Gregor Lennox 0-0: SINGLE (Line Drive, 7LS, EV 103.8 MPH)
Jesús Bonilla to third
Amani Marwan to second
Batting: LHB Puck Broekhuizen 0-0: Ball
1-0: Called Strike
1-1: Ball
2-1: SINGLE (Groundball, 56D, EV 93.8 MPH)
Jesús Bonilla scores
Amani Marwan to third
Gregor Lennox to second
Batting: RHB Michael Lindsey 0-0: Called Strike
0-1: Ball
1-1: Swinging Strike
1-2: GRAND SLAM HOME RUN (Line Drive, 8RXD, EV 101.2 MPH), Distance : 461 ft
Batting: RHB Robbie Clark 0-0: Ball
1-0: DOUBLE (Flyball, 8LXD, EV 101.9 MPH)
Pitching: RHP Víctor Trujillo
Batting: SHB George McMahon 0-0: Ball
1-0: Ball
2-0: Ball
3-0: Foul Ball, location: 2F
3-1: Called Strike
3-2: Base on Balls
Batting: RHB Reynaldo García 0-0: Ball
1-0: Called Strike
1-1: Swinging Strike
1-2: Strikes out swinging
Batting: RHB Jesús Bonilla 0-0: Called Strike
0-1: Ball
1-1: Ball
2-1: Fly out, F9 (Line Drive, 9, EV 91.2 MPH)
Top of the 3rd over - 5 runs, 5 hits, 0 errors, 2 left on base; Columbia 6 - Walla Walla 2
BOTTOM OF THE 3RD
Walla Walla Walleye batting - Pitching for Columbia River Rats : LHP Gil Farrell
Batting: RHB Nando van der Goor 0-0: Ball
1-0: Foul Ball, location: 2F
1-1: Called Strike
1-2: Fly out, F9 (Line Drive, 9, EV 90.0 MPH)
Batting: SHB Víctor Pagueros 0-0: Ball
1-0: Called Strike
1-1: Swinging Strike
1-2: Strikes out looking
Batting: RHB Roy Berriman 0-0: Ball
1-0: Called Strike
1-1: Ball
2-1: Ball
3-1: Base on Balls
Batting: LHB Van Durr 0-0: Ball
1-0: Foul Ball, location: 2F
1-1: Foul Ball, location: 2F
1-2: Ball
2-2: Foul Ball, location: 2F
2-2: Fielders Choice at 2nd, 5-4 (Groundball, 56, EV 96.2 MPH)
Bottom of the 3rd over - 0 runs, 0 hits, 0 errors, 1 left on base; Columbia 6 - Walla Walla 2
TOP OF THE 4TH
Columbia River Rats batting - Pitching for Walla Walla Walleye : RHP Víctor Trujillo
Batting: RHB Fernando Castro 0-0: Foul Ball, location: 2F
0-1: Ground out 6-3 (Groundball, 6, EV 105.0 MPH)
Batting: LHB Amani Marwan 0-0: Ball
1-0: Foul Ball, location: 2F
1-1: Ball
2-1: Ball
3-1: Foul Ball, location: 2F
3-2: Foul Ball, location: 2F
3-2: Strikes out swinging
Batting: RHB Gregor Lennox 0-0: Ball
1-0: Ground out 4-3 (Groundball, 4S, EV 70.6 MPH)
Top of the 4th over - 0 runs, 0 hits, 0 errors, 0 left on base; Columbia 6 - Walla Walla 2
BOTTOM OF THE 4TH
Walla Walla Walleye batting - Pitching for Columbia River Rats : LHP Gil Farrell
Batting: RHB Bret Taylor 0-0: Ball
1-0: Fly out, F8 (Flyball, 8RXD, EV 106.9 MPH)
Batting: RHB Rodrigo Sánchez 0-0: Ball
1-0: Ball
2-0: Foul Ball, location: 2F
2-1: Swinging Strike
2-2: Ball
3-2: Base on Balls
Batting: RHB Jorge Pedroso 0-0: Foul Ball, location: 2F
0-1: Foul Ball, location: 2F
0-2: Ball
1-2: Foul Ball, location: 2F
1-2: Foul Ball, location: 2F
1-2: Ball
2-2: Foul Ball, location: 2F
2-2: SINGLE (Line Drive, 4D, EV 98.8 MPH)
Rodrigo Sánchez to second
Runner from 2nd tries for 3rd, SAFE, no throw by CF
Batting: LHB Armando Martínez 0-0: Called Strike
0-1: Swinging Strike
0-2: Ball
1-2: Ball
2-2: Foul Ball, location: 2F
2-2: Ball
3-2: Fly out, F9 (Flyball, 89M, EV 81.2 MPH)
Runner from 3rd tags up, SCORES, no throw by RF
Batting: RHB Sonny Day 0-0: Called Strike
0-1: Foul Ball, location: 2F
0-2: DOUBLE (Line Drive, 8RXD, EV 100.0 MPH)
Jorge Pedroso to third
Batting: RHB Nando van der Goor 0-0: Called Strike
0-1: Called Strike
0-2: Ball
1-2: Ball
2-2: Foul Ball, location: 2F
2-2: Foul Ball, location: 2F
2-2: Fly out, F9 (Line Drive, 9D, EV 93.1 MPH)
Bottom of the 4th over - 1 run, 2 hits, 0 errors, 2 left on base; Columbia 6 - Walla Walla 3
TOP OF THE 5TH
Columbia River Rats batting - Pitching for Walla Walla Walleye : RHP Víctor Trujillo
Batting: LHB Puck Broekhuizen 0-0: Swinging Strike
0-1: Ball
1-1: Foul Ball, location: 2F
1-2: Strikes out looking
Batting: RHB Michael Lindsey 0-0: Ball
1-0: SINGLE (Groundball, 6MD, EV 105.0 MPH)
Batting: RHB Robbie Clark 0-0: Foul Ball, location: 2F
0-1: Ball
1-1: Ball
2-1: Foul Ball, location: 2F
2-2: Strikes out swinging
Batting: SHB George McMahon 0-0: SINGLE (Line Drive, 3D, EV 97.5 MPH)
Michael Lindsey to second
Runner from 2nd tries for 3rd, SAFE, no throw by RF
Batting: RHB Reynaldo García 0-0: Ball
1-0: Ball
2-0: Ball
3-0: 3-RUN HOME RUN (Flyball, 9LD, EV 106.9 MPH), Distance : 346 ft
Batting: RHB Jesús Bonilla 0-0: Called Strike
0-1: Ball
1-1: Foul Ball, location: 2F
1-2: Foul Ball, location: 2F
1-2: Strikes out swinging
Top of the 5th over - 3 runs, 3 hits, 0 errors, 0 left on base; Columbia 9 - Walla Walla 3
BOTTOM OF THE 5TH
Walla Walla Walleye batting - Pitching for Columbia River Rats : LHP Gil Farrell
Batting: SHB Víctor Pagueros 0-0: Fly out, F8 (Flyball, 8LM, EV 90.6 MPH)
Batting: RHB Roy Berriman 0-0: Called Strike
0-1: Ball
1-1: Swinging Strike
1-2: Ball
2-2: TRIPLE (Flyball, 78XD, EV 97.5 MPH)
Batting: LHB Van Durr 0-0: Ball
1-0: Ball
2-0: Ground out 3-1 (Groundball, 34, EV 90.0 MPH)
Roy Berriman scores
Batting: RHB Bret Taylor 0-0: Ball
1-0: Called Strike
1-1: Foul Ball, location: 2F
1-2: Ball
2-2: Ball
3-2: Strikes out swinging
Bottom of the 5th over - 1 run, 1 hit, 0 errors, 0 left on base; Columbia 9 - Walla Walla 4
TOP OF THE 6TH
Columbia River Rats batting - Pitching for Walla Walla Walleye : RHP Víctor Trujillo
Batting: RHB Fernando Castro 0-0: Foul Ball, location: 2F
0-1: Ball
1-1: Ball
2-1: Ball
3-1: Swinging Strike
3-2: Strikes out swinging
Batting: LHB Amani Marwan 0-0: Ball
1-0: Swinging Strike
1-1: Ball
2-1: Foul Ball, location: 2F
2-2: Ball
3-2: Foul Ball, location: 2F
3-2: Base on Balls
Pitching: LHP Martin van der Kuijl
Batting: RHB Gregor Lennox 0-0: Ball
1-0: Ball
2-0: Ball
3-0: Called Strike
3-1: Called Strike
3-2: Base on Balls
Amani Marwan to second
Batting: LHB Puck Broekhuizen 0-0: Foul Ball, location: 2F
0-1: Foul Ball, location: 2F
0-2: Foul Ball, location: 2F
0-2: Strikes out swinging
Batting: RHB Michael Lindsey 0-0: Ball
1-0: Ball
2-0: Called Strike
2-1: Fielders Choice at 2nd, 5-4 (Groundball, 5, EV 83.8 MPH)
Top of the 6th over - 0 runs, 0 hits, 0 errors, 2 left on base; Columbia 9 - Walla Walla 4
BOTTOM OF THE 6TH
Walla Walla Walleye batting - Pitching for Columbia River Rats : LHP Gil Farrell
Batting: RHB Rodrigo Sánchez 0-0: Ball
1-0: Fly out, F8 (Flyball, 89D, EV 108.8 MPH)
Pitching: RHP Rijk Blok
Batting: RHB Jorge Pedroso 0-0: Called Strike
0-1: Ball
1-1: Swinging Strike
1-2: Strikes out swinging
Batting: LHB Armando Martínez 0-0: Fly out, F9 (Flyball, 9LM, EV 98.1 MPH)
Bottom of the 6th over - 0 runs, 0 hits, 0 errors, 0 left on base; Columbia 9 - Walla Walla 4
TOP OF THE 7TH
Columbia River Rats batting - Pitching for Walla Walla Walleye : LHP Martin van der Kuijl
Batting: RHB Robbie Clark 0-0: Called Strike
0-1: Ground out 4-3 (Groundball, 34, EV 101.9 MPH)
Batting: SHB George McMahon 0-0: Foul Ball, location: 2F
0-1: Foul Ball, location: 2F
0-2: Foul Ball, location: 2F
0-2: Ball
1-2: Foul Ball, location: 2F
1-2: Foul Ball, location: 2F
1-2: Ball
2-2: Fly out, F8 (Flyball, 78S, EV 86.9 MPH)
Batting: RHB Reynaldo García 0-0: Called Strike
0-1: Ball
1-1: Fly out, F9 (Flyball, 9LD, EV 101.9 MPH)
Top of the 7th over - 0 runs, 0 hits, 0 errors, 0 left on base; Columbia 9 - Walla Walla 4
BOTTOM OF THE 7TH
Walla Walla Walleye batting - Pitching for Columbia River Rats : RHP Rijk Blok
Batting: RHB Sonny Day 0-0: Ball
1-0: Ball
2-0: SINGLE (Groundball, 56S, EV 71.2 MPH) (infield hit)
Batting: RHB Nando van der Goor 0-0: Called Strike
0-1: Ball
1-1: Fly out, F7 (Flyball, 7S, EV 88.8 MPH)
Batting: SHB Víctor Pagueros 0-0: Fly out, F7 (Flyball, 7LS, EV 85.0 MPH)
Batting: RHB Roy Berriman 0-0: Ball
1-0: Called Strike
1-1: Ball
2-1: Ball
3-1: Base on Balls
Sonny Day to second
Batting: LHB Van Durr 0-0: Ball
1-0: Fly out, F6 (Popup, 6, EV 71.2 MPH)
Bottom of the 7th over - 0 runs, 1 hit, 0 errors, 2 left on base; Columbia 9 - Walla Walla 4
TOP OF THE 8TH
Columbia River Rats batting - Pitching for Walla Walla Walleye : LHP Martin van der Kuijl
Batting: RHB Jesús Bonilla 0-0: Called Strike
0-1: Ball
1-1: Foul Ball, location: 2F
1-2: Fly out, F3 (Line Drive, 3, EV 73.8 MPH)
Batting: RHB Fernando Castro 0-0: Ball
1-0: Foul Ball, location: 2F
1-1: Swinging Strike
1-2: Foul Ball, location: 2F
1-2: Ball
2-2: Foul Ball, location: 2F
2-2: Ball
3-2: Strikes out looking
Batting: LHB Amani Marwan 0-0: Called Strike
0-1: Ball
1-1: Ball
2-1: Foul Ball, location: 2F
2-2: Fly out, F9 (Line Drive, 9, EV 88.1 MPH)
Top of the 8th over - 0 runs, 0 hits, 0 errors, 0 left on base; Columbia 9 - Walla Walla 4
BOTTOM OF THE 8TH
Walla Walla Walleye batting - Pitching for Columbia River Rats : RHP Rijk Blok
Batting: RHB Bret Taylor 0-0: Ball
1-0: Called Strike
1-1: Foul Ball, location: 2F
1-2: Ball
2-2: Ball
3-2: Ground out 1-3 (Groundball, 15S, EV 70.0 MPH)
Batting: RHB Rodrigo Sánchez 0-0: Foul Ball, location: 2F
0-1: Called Strike
0-2: Ball
1-2: Foul Ball, location: 2F
1-2: Foul Ball, location: 2F
1-2: Strikes out swinging
Batting: RHB Jorge Pedroso 0-0: Ground out 4-3 (Groundball, 34D, EV 105.0 MPH)
Bottom of the 8th over - 0 runs, 0 hits, 0 errors, 0 left on base; Columbia 9 - Walla Walla 4
TOP OF THE 9TH
Columbia River Rats batting - Pitching for Walla Walla Walleye : LHP Martin van der Kuijl
Batting: RHB Gregor Lennox 0-0: Called Strike
0-1: Ball
1-1: Ball
2-1: DOUBLE (Line Drive, 78M, EV 100.0 MPH)
Pitching: RHP Clayton Horne
Batting: LHB Puck Broekhuizen 0-0: Called Strike
0-1: Ball
1-1: Called Strike
1-2: Hit by Pitch
Batting: RHB Michael Lindsey 0-0: Ball
1-0: Swinging Strike
1-1: Swinging Strike
1-2: Strikes out swinging
Batting: RHB Robbie Clark 0-0: Fly out, F9 (Line Drive, 9, EV 85.0 MPH)
Batting: SHB George McMahon 0-0: Ball
1-0: Foul Ball, location: 2F
1-1: Foul Ball, location: 2F
1-2: Foul Ball, location: 2F
1-2: Foul Ball, location: 2F
1-2: Foul Ball, location: 2F
1-2: Ball
2-2: Ground out 4-3 (Groundball, 4, EV 107.5 MPH)
Top of the 9th over - 0 runs, 1 hit, 0 errors, 2 left on base; Columbia 9 - Walla Walla 4
BOTTOM OF THE 9TH
Walla Walla Walleye batting - Pitching for Columbia River Rats : RHP Rijk Blok
Batting: LHB Armando Martínez 0-0: Ground out 6-3 (Groundball, 6, EV 82.5 MPH)
Batting: RHB Sonny Day 0-0: Called Strike
0-1: Called Strike
0-2: Ball
1-2: Strikes out swinging
Batting: RHB Nando van der Goor 0-0: Ball
1-0: Ball
2-0: Ball
3-0: Called Strike
3-1: Foul Ball, location: 2F
3-2: Base on Balls
Batting: SHB Víctor Pagueros 0-0: Called Strike
0-1: Foul Ball, location: 2F
0-2: Strikes out swinging
Bottom of the 9th over - 0 runs, 0 hits, 0 errors, 1 left on base; Columbia 9 - Walla Walla 4
Friday, March 26th, 2021 - OOTP Baseball 20.8 Build 74